 Dungeon Crawl Stone Soup version 0.31-a0-806-g0bc164a743 (webtiles) character file.

Game seed: 12539554400719104929

412433 Ijustatesigmund the Sorcerer (level 22, -5/130 HPs)
             Began as a Deep Elf Fire Elementalist on Sept 20, 2023.
             Was the Champion of Vehumet.
             Succumbed to a spriggan defender's poison
             ... on level 2 of the Depths on Sept 21, 2023.
             The game lasted 04:36:14 (61407 turns).

Ijustatesigmund the Sorcerer (DEFE)                Turns: 61407, Time: 04:36:15

Health: -5/130     AC: 17    Str: 13    XL:     22   Next: 49%
Magic:  53/53      EV: 24    Int: 40    God:    Vehumet [******]
Gold:   4752       SH:  0    Dex: 14    Spells: 8/71 levels left

rFire   . . .        W - +27 heavy crossbow "Sniper" {heavy, Acc+∞ SInv}
rCold   + + +        (shield currently unavailable)
rNeg    . . .        K - +4 skin of Zhor {*Englaciate rC+++ SInv}
rPois   .            C - +2 helmet {Int+3}
rElec   .            l - +2 cloak {Will+}
rCorr   .            T - +2 pair of gloves of the Snake Pit {Int+3 Slay+5}
SInv    +            B - +0 pair of boots "Ezanodd" {Regen+}
Will    +++..        h - dreamdust necklace {Acrobat}
Stlth   ++++++       Z - ring of wizardry
HPRegen 1.21/turn    X - ring "Aciecount" {EV+5 Str+2 Int+5}
MPRegen 0.33/turn

%: acrobat, wizardry (x1)
@: lethally poisoned (-5 -> -24)
A: strong 1
}: 2/15 runes: decaying, gossamer
a: Renounce Religion


You were on level 2 of the Depths.
You worshipped Vehumet.
Vehumet was exalted by your worship.
You visited 9 branches of the dungeon, and saw 40 of its levels.
You also visited: Trove, Bailey, Gauntlet, Ice Cave and Wizlab.

You collected 6558 gold pieces.
You spent 1806 gold pieces at shops.

Inventory:

Hand Weapons
 d - a +7 rapier of speed
 E - the +3 greatsling "Punk" {acid, rCorr}
   (You found it on level 3 of the Elven Halls)

   rCorr:     It protects you from acid and corrosion.
 W - the +27 heavy crossbow "Sniper" (weapon) {heavy, Acc+∞ SInv}
   (You found it on level 1 of the Vaults)

   Acc+∞: It never misses its target.
   SInv:      It lets you see invisible.
Armour
 l - a +2 cloak of willpower (worn)
 o - a +3 buckler of poison resistance
 B - the +0 pair of boots "Ezanodd" (worn) {Regen+}
   (You bought it in a shop on level 5 of the Dungeon)

   Regen+:    It increases your rate of health regeneration.
 C - a +2 helmet of intelligence (worn)
 K - the +4 skin of Zhor (worn) {*Englaciate rC+++ SInv}
   (You found it on level 9 of the Dungeon)

   *Englaciate: It radiates cold, occasionally slowing all nearby creatures who
   are not resistant to cold.
   rC+++:     It renders you almost immune to cold.
   SInv:      It lets you see invisible.
 T - the +2 pair of gloves of the Snake Pit (worn) {Int+3 Slay+5}
   (You found it on level 6 of the Dungeon)

   Int+3:     It affects your intelligence (+3).
   Slay+5:    It affects your accuracy & damage with ranged weapons and melee
   (+5).
Jewellery
 h - the dreamdust necklace (around neck) {Acrobat}
   (You took it off an efreet on level 13 of the Dungeon)

   [amulet of the acrobat]

   Acrobat:   It increases your evasion while moving and waiting.
 k - the ring "Huirumu" {Int+4 Dex+6 Stlth+}
   (You found it in a Gauntlet)

   [ring of dexterity]

   Int+4:     It affects your intelligence (+4).
   Dex+6:     It affects your dexterity (+6).
   Stlth+:    It makes you more stealthy.
 x - the ring of Ikaicsul {Fly rElec rPois Will- Dex+3}
   (You took it off a minotaur in a Gauntlet)

   [ring of poison resistance]

   Dex+3:     It affects your dexterity (+3).
   rElec:     It insulates you from electricity.
   rPois:     It protects you from poison Will-: It decreases your willpower.
   Fly:       It grants you flight.
 z - the amulet of the Four Winds {rN+ Will+++ Clar}
   (You took it off a vault warden on level 1 of the Vaults)

   [amulet of nothing]

   rN+:       It protects you from negative energy.
   Will+++:   It greatly increases your willpower.
   Clar:      It protects you from confusion, rage, mesmerisation and fear.
 G - the amulet of Paqavuop {Regen+ SInv Stlth+}
   (You took it off a centaur warrior on level 13 of the Dungeon)

   [amulet of regeneration]

   SInv:      It lets you see invisible.
   Regen+:    It increases your rate of health regeneration.
   Stlth+:    It makes you more stealthy.
 I - the ring of Tuess {rC+ Will+ rCorr Int+3 Slay+3}
   (You found it in a treasure trove)

   [ring of resist corrosion]

   Int+3:     It affects your intelligence (+3).
   Slay+3:    It affects your accuracy & damage with ranged weapons and melee
   (+3).
   rC+:       It protects you from cold.
   Will+:     It increases your willpower.
   rCorr:     It protects you from acid and corrosion.
 J - the ring of Dymeyjur {rElec rF+ rN+}
   (You acquired it on level 9 of the Dungeon)

   [ring of positive energy]

   rF+:       It protects you from fire.
   rElec:     It insulates you from electricity.
   rN+:       It protects you from negative energy.
 X - the ring "Aciecount" (right hand) {EV+5 Str+2 Int+5}
   (You found it in a treasure trove)

   [ring of evasion]

   EV+5:      It affects your evasion (+5).
   Str+2:     It affects your strength (+2).
   Int+5:     It affects your intelligence (+5).
 Z - a ring of wizardry (left hand)
Wands
 e - a wand of mindburst (18)
 i - a wand of roots (35)
 r - a wand of flame (114)
 w - a wand of paralysis (24)
 U - a wand of light (11)
Scrolls
 a - 2 scrolls of summoning
 v - 10 scrolls of immolation
 y - a scroll of poison
 F - 8 scrolls of teleportation
 H - a scroll of brand weapon
 L - 4 scrolls of vulnerability
 M - 3 scrolls of fear
 N - 9 scrolls of fog
 O - 3 scrolls of amnesia
 P - a scroll of blinking
 Q - 4 scrolls of silence
 R - 28 scrolls of identify
 V - 2 scrolls of torment
 Y - a scroll of revelation
Potions
 b - 4 potions of magic
 c - 5 potions of enlightenment
 f - a potion of berserk rage
 g - 4 potions of cancellation
 j - 7 potions of might
 m - 4 potions of resistance
 n - 7 potions of mutation
 p - 2 potions of attraction
 q - 3 potions of haste
 s - 5 potions of brilliance
 t - 8 potions of lignification
 u - 9 potions of heal wounds
 A - 4 potions of invisibility
 D - 10 potions of ambrosia
 S - 18 potions of curing


   Skills:
 + Level 11.2 Fighting
 - Level 5.0 Short Blades
 - Level 3.0 Maces & Flails
 - Level 20.0 Ranged Weapons
 - Level 4.4 Armour
 - Level 14.0 Dodging
 - Level 15.0 Stealth
 + Level 4.4 Shields
 + Level 25.3 Spellcasting
 + Level 18.2 Conjurations
 - Level 8.8 Summonings
 - Level 5.2 Translocations
 - Level 4.0 Transmutations
 + Level 18.3 Fire Magic
 - Level 3.9 Air Magic
 - Level 2.1 Poison Magic
 - Level 8.8 Evocations


You had 8 spell levels left.
You knew the following spells:

 Your Spells              Type           Power      Damage    Failure   Level
a - Foxfire               Conj/Fire      100%       2x1d9     0%          1
b - Scorch                Fire           100%       2d9       0%          2
c - Iskenderun's Mystic   Conj/Tloc      97%        2d19      1%          4
d - Flame Wave            Conj/Fire      100%       2d21      0%          4
e - Ignite Poison         Fire/Tmut/Pois 86%        N/A       1%          3
f - Starburst             Conj/Fire      57%        6d15      1%          6
g - Irradiate             Conj/Tmut      48%        3d27      1%          5
h - Fireball              Conj/Fire      57%        3d22      0%          5
i - Swiftness             Air            69%        N/A       1%          3
j - Apportation           Tloc           100%       N/A       1%          1
k - Spellforged Servitor  Conj/Summ      51%        N/A       1%          7
l - Iskenderun's Battles  Conj           100%       2d15      0%          5
m - Ignition              Fire           57%        3d16      1%          8
n - Fire Storm            Conj/Fire      57%        8d15      2%          9

Your spell library contained the following spells:

 Spells                   Type           Power      Damage    Failure   Level
 Shock                    Conj/Air       100%       1d9       0%          1
 Summon Small Mammal      Summ           100%       N/A       0%          1
 Momentum Strike          Conj/Tloc      100%       3d10      0%          2
 Volatile Blastmotes      Fire/Tloc      100%       2d18      0%          3
 Necrotise                Necr           100%       1d9       1%          1
 Sandblast                Erth           100%       2d20      1%          1
 Slow                     Hex            100%       N/A       1%          1
 Sting                    Tmut/Pois      100%       1d8       1%          1
 Blink                    Tloc           100%       N/A       1%          2
 Cigotuvi's Dreadful Rot  Necr/Pois/Air  100%       N/A       1%          2
 Ensorcelled Hibernation  Hex/Ice        100%       N/A       1%          2
 Jinxbite                 Hex            100%       N/A       1%          2
 Lesser Beckoning         Tloc           100%       N/A       1%          2
 Passwall                 Tmut/Erth      50%        N/A       1%          2
 Poisonous Vapours        Pois/Air       100%       N/A       1%          2
 Sublimation of Blood     Necr           50%        N/A       1%          2
 Wereblood                Tmut           70%        N/A       1%          2
 Call Canine Familiar     Summ           88%        N/A       1%          3
 Confusing Touch          Hex            50%        N/A       1%          3
 Dazzling Flash           Conj/Hex       100%       N/A       1%          3
 Frozen Ramparts          Ice            100%       1d16      1%          3
 Gell's Gravitas          Tloc           75%        N/A       1%          3
 Hailstorm                Conj/Ice       89%        3d18      1%          3
 Inner Flame              Hex/Fire       89%        N/A       1%          3
 Sigil of Binding         Hex            50%        N/A       1%          3
 Stone Arrow              Conj/Erth      100%       3d13      1%          3
 Summon Guardian Golem    Hex/Summ       72%        N/A       1%          3
 Teleport Other           Tloc           75%        N/A       1%          3
 Tukima's Dance           Hex            50%        N/A       1%          3
 Vampiric Draining        Necr           50%        2d9       1%          3
 Airstrike                Air            34%        2d(5-21)  1%          4
 Anguish                  Hex/Necr       25%        N/A       1%          4
 Animate Armour           Summ/Erth      100%       N/A       1%          4
 Brom's Barrelling Bould  Conj/Erth      89%        2d10      1%          4
 Dimensional Bullseye     Hex/Tloc       32%        N/A       1%          4
 Fulminant Prism          Conj/Hex       44%        3d19      1%          4
 Leda's Liquefaction      Hex/Erth       25%        N/A       1%          4
 Manifold Assault         Tloc           75%        N/A       1%          4
 Olgreb's Toxic Radiance  Pois           61%        N/A       1%          4
 Passage of Golubria      Tloc           75%        N/A       1%          4
 Petrify                  Tmut/Erth      61%        N/A       1%          4
 Summon Ice Beast         Ice/Summ       72%        N/A       1%          4
 Freezing Cloud           Conj/Ice/Air   41%        6-21      1%          5
 Lee's Rapid Deconstruct  Erth           25%        3d14*     1%          5
 Summon Forest            Summ/Tloc      41%        N/A       1%          5
 Summon Mana Viper        Hex/Summ       72%        N/A       1%          5
 Yara's Violent Unravell  Hex/Tmut       30%        3d13      1%          5
 Leda's Unmaking          Conj/Erth      44%        9d8       1%          6
 Dispersal                Tloc           37%        N/A       2%          6
 Monstrous Menagerie      Summ           44%        N/A       3%          7
 Summon Hydra             Summ           44%        N/A       3%          7
 Agony                    Necr           50%        N/A       4%          5
 Metabolic Englaciation   Hex/Ice        25%        N/A       4%          5
 Malign Gateway           Summ/Tloc      41%        N/A       7%          7
 Lehudib's Crystal Spear  Conj/Erth      44%        10d11     7%          8
 Death Channel            Necr           25%        N/A       22%         6
 Simulacrum               Ice/Necr       25%        N/A       22%         6
 Summon Horrible Things   Summ           44%        N/A       26%         8
 Ozocubu's Refrigeration  Ice            25%        4d13      30%         7
 Maxwell's Capacitive Co  Air            34%        ∞         41%         8
 Disjunction              Tloc           37%        N/A       71%         8
 Polar Vortex             Ice            25%        12d3*     100%        9


Dungeon Overview and Level Annotations

Branches:
Dungeon (15/15)            Temple (1/1) D:6            Lair (5/5) D:8
  Swamp (4/4) Lair:3       Spider (4/4) Lair:3        Slime (0/5) Lair:5
    Orc (2/2) D:9             Elf (3/3) Orc:2        Vaults (4/5) D:13
  Crypt (0/3) Vaults:2     Depths (2/4) D:15         Bailey (visited)
  IceCv (visited)          WizLab (visited)         Gauntlet (visited)

Altars:
Ashenzari
Cheibriados
Dithmenos
Elyvilon
Fedhas
Gozag
Hepliaklqana
Kikubaaqudgha
Makhleb
Nemelex Xobeh
Okawaru
Qazlal
Ru
Sif Muna
Trog
Uskayaw
Vehumet
Wu Jian
Xom
Yredelemnul
Zin
The Shining One
Jiyva

Shops:
D:2 [   D:5 [   D:6 *!   D:10 !*   Orc:2 :[:=

Portals:
Hell: Depths:1
Abyss: Depths:1 Depths:2
Pandemonium: Depths:1

Annotations:
D:10 2 transporters, Dnvifnvgi's ghost, journeyman MiFi
Lair:2 1 runed translucent door, Ivernyr's ghost, journeyman VSGl


Innate Abilities, Weirdness & Mutations

Your muscles are strong. (Str +4, Int/Dex -1)


Message History

Vehumet accepts your kill.
You hear a shout!
The spriggan defender hits you with a +5 quick blade of venom.
The spriggan defender completely misses you.
The spriggan defender closely misses you. x2
The spriggan defender hits you with a +5 quick blade of venom!
You are poisoned.
The spriggan defender hits you with a +5 quick blade of venom!
You shoot a bolt. The bolt hits the spriggan defender!!!
The spriggan defender is severely wounded.
You radiate an aura of cold.
The spriggan defender resists.
You feel extremely sick.
The spriggan defender hits you with a +5 quick blade of venom!!
You are more poisoned.
The spriggan defender hits you with a +5 quick blade of venom!
You are more poisoned.
The spriggan defender hits you with a +2 heavy flail!
The spriggan defender hits you with a +5 quick blade of venom.
You are more poisoned.
The spriggan defender misses you.
You feel better.
You radiate an aura of cold.
The spriggan defender resists.
The spriggan defender seems to slow down.
The spriggan defender hits you with a +5 quick blade of venom!
You are poisoned.
The spriggan defender hits you with a +5 quick blade of venom!
* * * LOW HITPOINT WARNING * * *
You are more poisoned.
The spriggan defender hits you but does no damage.
The spriggan defender hits you with a +5 quick blade of venom!!
* * * LOW HITPOINT WARNING * * *
You are more poisoned.
The spriggan defender hits you with a +5 quick blade of venom!!
Your necklace shatters, unleashing a wave of protective dreams!
You dream of life, friendship, and clouds.
You are lethally poisoned!
Blink to where?
Press: ? - help, Dir - move target, p - spriggan defender
Found a scroll of torment.
As you read the scroll of blinking, it crumbles to dust.
You die...

.♣ ♣.♣♣ # ... ###### .. ...
.#.#.# ... ♣♣♣♣♣.♣ .....# .?..
♣♣♣§♣u.♣
####'#######''######♣.u§§§♣
......)..........)....♣§uC♣♣♣
................@...).ii§§♣.♣
⌠..).........♣♣......§♣.§§..♣♣
.......♣♣♣♣♣ ♣♣♣♣♣.♣♣♣♣§.♣..♣
....♣♣♣♣ ♣ ♣ ♣♣....♣ ♣♣♣♣♣
♣.^♣♣.♣♣ .♣♣ ♣.♣♣♣♣.♣♣ ♣.♣♣♣
♣.♣~~~~.♣ ♣♣..♣♣♣♣ ♣♣♣∩♣≈≈≈~.♣
♣♣♣.♣.♣ ♣♣..♣~†~~♣


You could see 2 spriggan defenders and a friendly red ugly thing (summoned).

Vanquished Creatures
  A lich (Depths:1)
  A titan (Vaults:1)
  5 deep elf blademasters
  2 deep elf master archers (Elf:3)
  An ancient champion (Vaults:2)
  3 sphinxes
  2 tengu reavers
  A storm dragon (D:12)
  Agnes (Elf:2)
  Donald (Elf:1)
  Aizul (Lair:3)
  A fenstrider witch (Swamp:3)
  A shadow dragon (Vaults:3)
  A frost giant (D:13)
  4 deep elf sorcerers
  A fire giant (Depths:1)
  4 balrugs
  24 ironbound preservers
  An emperor scorpion (Spider:4)
  12 vault wardens
  3 ghost moths
  3 deep elf elementalists (Elf:3)
  2 cacodemons (WizLab)
  5 very ugly things (Depths:1)
  3 orc warlords
  3 stone giants
  2 war gargoyles (Vaults:1)
  8 broodmothers
  A spriggan defender (Depths:2)
  6 ironbound thunderhulks
  A vampire knight (Vaults:2)
  A demonspawn black sun (WizLab)
  The ghost of Piotedat the Fighter, a journeyman FoFi of Jiyva (D:13)
  4 deep elf demonologists (Elf:3)
  5 deep elf annihilators
  5 dire elephants
  2 eleionomae
  A spark wasp (Spider:4)
  A minotaur (Gauntlet)
  2 bunyips
  A lorocyproca (WizLab)
  A crystal guardian (Vaults:4)
  The ghost of Jano the Basher, a journeyman DsFi of Nemelex Xobeh (Orc:2)
  A jiangshi (Vaults:2)
  An ettin (Vaults:1)
  3 blizzard demons
  3 deep elf death magi
  6 entropy weavers
  12 yaktaur captains
  A fire dragon (Depths:1)
  12 deep elf high priests
  An ice dragon (Depths:1)
  6 great orbs of eyes
  19 hydras
  2 rakshasas (D:13)
  2 catoblepae
  4 ghost crabs
  A hell beast (WizLab)
  3 vault guards (Vaults:2)
  5 ogre magi
  An anaconda (shapeshifter) (D:13)
  2 death knights (D:13)
  2 alligators
  2 peacekeepers
  3 caustic shrike simulacra (IceCv)
  7 ironbound frosthearts
  22 centaur warriors
  3 spriggan air magi (Depths:2)
  7 radroaches
  6 boulder beetles
  A jorogumo (Spider:4)
  17 two-headed ogres
  A deep troll shaman (Depths:1)
  22 dancing weapons
  2 orc high priests (Elf:1)
  4 tengu warriors
  8 demonic crawlers
  A satyr (shapeshifter) (D:15)
  A deep troll earth mage (Depths:1)
  A vampire mage (Depths:1)
  17 deep elf knights
  3 sun demons
  5 pharaoh ants
  A sixfirhy (WizLab)
  4 iron trolls (Depths:1)
  7 skeletal warriors
  A shadow demon (WizLab)
  3 spriggan druids
  Lodul (D:13)
  3 goliath frogs
  2 sun moths
  4 swamp dragons (Swamp:4)
  16 orb spiders
  49 deep trolls
  A glowing orange brain (Vaults:1)
  22 ironbound convokers
  11 deep elf archers
  4 wizards
  Pikel (D:8)
  9 spriggan simulacra (IceCv)
  2 bog bodies
  A harpy (shapeshifter) (D:14)
  34 deep elf pyromancers
  4 necromancers
  The ghost of flt the Firebug, a novice DgFE (D:6)
  5 steelbarb worms
  5 lindwurms
  4 orc knights
  35 deep elf zephyrmancers
  2 orc sorcerers
  30 ugly things
  3 moths of wrath
  An oklob plant (Lair:1)
  20 wolf spiders
  10 manticores
  4 will-o-the-wisps
  15 cyclopes
  A faun (shapeshifter) (Depths:1)
  A rust devil (WizLab)
  2 smoke demons (WizLab)
  10 cane toads
  7 black mambas
  4 gargoyles
  3 hellions
  An orange demon (WizLab)
  A rime drake (shapeshifter) (D:13)
  A torpor snail (shapeshifter) (D:14)
  21 vault sentinels
  Maggie (D:7)
  Jeremiah (D:7)
  6 torpor snails
  3 unseen horrors
  3 kobold demonologists
  A yaktaur (shapeshifter) (D:12)
  7 komodo dragons
  3 freezing wraiths
  10 rime drakes
  An efreet (D:13)
  30 yaktaurs
  2 tengu conjurers
  A golden dragon simulacrum (IceCv)
  10 ice devils
  3 anaconda simulacra (IceCv)
  A queen bee (Gauntlet)
  3 red devils (WizLab)
  17 trolls
  2 tyrant leeches
  4 hellwings (WizLab)
  4 polar bears (Lair:5)
  4 meliai
  29 hornets
  2 alligator simulacra (IceCv)
  Prince Ribbit (D:7)
  33 tarantellas
  14 blink frogs
  10 dream sheep
  44 jumping spiders
  A jumping spider (shapeshifter) (D:13)
  43 slime creatures
  29 culicivoras
  51 spriggans
  A ynoxinul (WizLab)
  13 flying skulls (Gauntlet)
  6 shadows
  3 air elementals
  2 wraiths (D:11)
  4 fire bats (Lair:5)
  2 dire elephant simulacra (IceCv)
  An elf zombie (Vaults:1)
  5 water elementals
  5 wyverns
  56 yaks
  An unseen horror simulacrum (D:9)
  4 basilisks
  2 chaos spawn (WizLab)
  7 minotaur simulacra (IceCv)
  3 fire elementals
  52 redbacks
  2 wargs
  Menkaure (D:6)
  A yaktaur simulacrum (Vaults:1)
  9 swamp worms
  2 acid dragons
  A hydra simulacrum (IceCv)
  17 water moccasins
  5 ice beasts
  7 swamp drakes (Swamp:4)
  5 black bears
  25 orc warriors
  A sky beast (D:6)
  29 ogres
  30 wolves
  5 boggarts
  14 centaurs
  2 lemures (D:8)
  3 phantoms
  6 bullfrogs
  3 gnoll sergeants
  2 scorpions
  11 deep troll simulacra (IceCv)
  2 earth elementals
  19 killer bees
  4 lindwurm simulacra (IceCv)
  2 vampire bats (D:8)
  4 electric eels
  5 howler monkeys
  4 lava snakes (D:12)
  3 gnoll boudas
  A hound (D:5)
  13 orc priests
  A sleepcap (D:5)
  Ijyb (D:4)
  5 iguanas
  2 lightning spires (Swamp:2)
  17 orc wizards
  4 hell rats (Lair:1)
  2 polar bear simulacra (D:15)
  2 yak simulacra (D:15)
  3 wolf simulacra (D:15)
  3 centaur simulacra
  14 gnolls
  9 adders
  A shadow imp (Gauntlet)
  6 white imps
  A howler monkey simulacrum (D:9)
  An ufetubus (D:6)
  2 worms
  8 dart slugs
  75 orcs
  6 ball pythons
  14 bats
  5 endoplasms
  9 giant cockroaches
  22 goblins
  11 hobgoblins
  7 jackals (D:2)
  4 kobolds
  4 quokkas
  3 frilled lizards
  6 rats
  4 river rat simulacra (D:15)
1748 creatures vanquished.

Vanquished Creatures (collateral kills)
  Arachne (Spider:2)
  A Hellbinder (WizLab)
  Jorgrun (Swamp:1)
  A frost giant (Vaults:1)
  Louise (Swamp:1)
  A broodmother (Spider:4)
  An ironbound preserver (Vaults:1)
  An ironbound thunderhulk (Vaults:1)
  Snorg (D:14)
  A yaktaur captain (Vaults:1)
  A shambling mangrove (Swamp:4)
  A great orb of eyes (Vaults:3)
  A hell beast (WizLab)
  A hydra (Swamp:4)
  A radroach (Spider:2)
  A boulder beetle (D:15)
  A demonic crawler (Spider:2)
  A skeletal warrior (D:15)
  A shadow demon (WizLab)
  A spriggan druid (Swamp:3)
  2 goliath frogs (Swamp:1)
  2 swamp dragons (Swamp:4)
  An orange crystal statue (D:12)
  A bog body (Swamp:1)
  An obsidian statue (IceCv)
  An orc knight (Vaults:2)
  A deep elf pyromancer (Elf:2)
  2 wolf spiders (Spider:2)
  11 ugly things
  2 will-o-the-wisps
  7 slime creatures
  2 stone giant skeletons (Vaults:1)
  2 ice devils (WizLab)
  A wind drake (shapeshifter) (D:14)
  2 hornets
  2 culicivoras (Spider:2)
  A swamp worm (Swamp:2)
  A swamp drake (Swamp:4)
  2 foxfires
64 creatures vanquished.

Vanquished Creatures (others)
  A wizard (Depths:2)
  A hornet (Depths:2)
  2 spriggans (Depths:2)
  2 ball lightnings (Swamp:2)
  31 fire vortices
  1123 foxfires
1160 creatures vanquished.

Grand Total: 2972 creatures vanquished

Notes
Turn   | Place    | Note
-------+----------+-------------------------------------------
     0 | D:1      | Ijustatesigmund the Deep Elf Fire Elementalist began the
                  | quest for the Orb.
     0 | D:1      | Reached XP level 1. HP: 10/10 MP: 6/6
   316 | D:1      | Reached XP level 2. HP: 16/16 MP: 6/8
   319 | D:1      | Learned a level 2 spell: Scorch
  1061 | D:2      | Found a faded altar of an unknown god.
  1186 | D:2      | Reached XP level 3. HP: 20/20 MP: 7/10
  1188 | D:2      | Reached skill level 1 in Fighting
  1572 | D:2      | Found Dohus's Armour Shop.
  1603 | D:2      | Found a stormy altar of Qazlal.
  1685 | D:2      | Reached skill level 4 in Spellcasting
  1848 | D:2      | Reached XP level 4. HP: 25/25 MP: 4/12
  1852 | D:2      | Learned a level 3 spell: Inner Flame
  2672 | D:2      | Learned a level 4 spell: Flame Wave
  3056 | D:3      | Noticed a phantom
  3062 | D:3      | Killed a phantom
  3063 | D:3      | Reached skill level 1 in Short Blades
  3063 | D:3      | Reached XP level 5. HP: 30/30 MP: 10/14
  3595 | D:4      | Noticed Ijyb
  3599 | D:4      | Paralysed by Ijyb for 3 turns
  3602 | D:4      | Killed Ijyb
  4377 | D:5      | Entered Level 5 of the Dungeon
  4469 | D:5      | Reached skill level 5 in Spellcasting
  4469 | D:5      | Reached XP level 6. HP: 35/35 MP: 12/15
  4972 | D:5      | Noticed a water moccasin
  4979 | D:5      | Killed a water moccasin
  4980 | D:5      | Reached skill level 5 in Fire Magic
  4980 | D:5      | Reached XP level 7. HP: 40/40 MP: 12/17
  5338 | D:5      | Reached skill level 6 in Spellcasting
  5651 | D:5      | Reached XP level 8. HP: 41/46 MP: 10/19
  6097 | D:5      | Found Vedwey's Armour Emporium.
  6115 | D:5      | Bought the +0 pair of boots "Ezanodd" {Regen+} for 115 gold
                  | pieces
  6115 | D:5      | Bought a +0 helmet of intelligence for 115 gold pieces
  6565 | D:6      | Found a staircase to the Ecumenical Temple.
  6571 | Temple   | Entered the Ecumenical Temple
  6578 | Temple   | Became a worshipper of Vehumet
  6644 | D:6      | Noticed Menkaure
  6649 | D:6      | Killed Menkaure
  6650 | D:6      | Reached skill level 5 in Conjurations
  6716 | D:6      | Found Arige's General Store.
  6719 | D:6      | Found Bohetz's Specific Store.
  6745 | D:6      | Bought a scroll of poison for 44 gold pieces
  6830 | D:6      | Reached skill level 7 in Spellcasting
  6830 | D:6      | Reached skill level 1 in Evocations
  6921 | D:6      | Reached skill level 1 in Armour
  7247 | D:6      | Found a runed translucent gate.
  7253 | D:6      | Found a runed translucent gate.
  7253 | D:6      | Found a runed translucent gate.
  7255 | D:6      | Noticed flt's ghost (novice DgFE)
  7720 | D:7      | Reached XP level 9. HP: 51/51 MP: 14/22
  8116 | D:7      | Noticed Jeremiah
  8125 | D:7      | Noticed Prince Ribbit
  8129 | D:7      | Killed Jeremiah
  8130 | D:7      | Reached skill level 8 in Spellcasting
  8135 | D:7      | Killed Prince Ribbit
  8389 | D:7      | Noticed Maggie
  8399 | D:7      | Killed Maggie
  8913 | D:6      | Found Kekh's Distillery.
  8917 | D:6      | Bought a potion of attraction for 36 gold pieces
  8917 | D:6      | Bought a potion of heal wounds for 60 gold pieces
  9006 | D:6      | Reached * piety under Vehumet
  9006 | D:6      | Offered knowledge of Freeze by Vehumet.
  9453 | D:8      | Found a flagged portal.
  9472 | Bailey   | Entered a bailey
  9506 | Bailey   | Reached XP level 10. HP: 41/56 MP: 13/24
  9582 | Bailey   | Reached ** piety under Vehumet
  9582 | Bailey   | Offered knowledge of Momentum Strike by Vehumet.
  9853 | Bailey   | Identified the ring of Hoopp {Ice Fly rPois Int-4 SInv}
  9853 | Bailey   | Noticed an orc knight
  9853 | Bailey   | Noticed an orc warlord
  9860 | Bailey   | Noticed an orc knight
  9899 | D:10     | Entered Level 10 of the Dungeon
  9899 | D:10     | Found Gubat's Assorted Antiques.
  9906 | D:10     | Bought a smoky emerald potion for 16 gold pieces
  9943 | D:10     | Found Baleheto's Distillery.
  9958 | D:10     | Noticed a two-headed ogre
  9974 | D:10     | Killed a two-headed ogre
  9974 | D:10     | Offered knowledge of Ignite Poison by Vehumet.
  9975 | D:10     | Reached skill level 9 in Spellcasting
 10011 | D:10     | Learned a level 3 spell: Ignite Poison
 10084 | D:10     | Noticed a two-headed ogre
 10085 | D:10     | Reached skill level 5 in Evocations
 10101 | D:10     | Killed a two-headed ogre
 10243 | D:9      | Found a shimmering altar of Xom.
 10274 | D:10     | Found a transporter.
 10276 | D:10     | Noticed Dnvifnvgi's ghost (journeyman MiFi)
 10292 | D:10     | Found a transporter.
 10297 | D:10     | Noticed a two-headed ogre
 10309 | D:10     | Killed a two-headed ogre
 10310 | D:10     | Reached skill level 5 in Fighting
 10603 | D:8      | Found a staircase to the Lair.
 10823 | D:8      | Reached *** piety under Vehumet
 11046 | D:8      | Noticed Pikel
 11055 | D:8      | Killed Pikel
 11056 | D:8      | Reached skill level 10 in Spellcasting
 11056 | D:8      | Reached XP level 11. HP: 63/63 MP: 16/27
 11556 | D:8      | Learned a level 6 spell: Starburst
 11562 | D:8      | Learned a level 5 spell: Irradiate
 11762 | D:9      | Reached skill level 1 in Transmutations
 12447 | D:9      | Offered knowledge of Mephitic Cloud by Vehumet.
 12700 | D:9      | Found a staircase to the Orcish Mines.
 12706 | D:9      | Reached **** piety under Vehumet
 12707 | D:9      | Offered knowledge of Sticky Flame by Vehumet.
 13229 | D:9      | Identified a scroll of acquirement
 13229 | D:9      | Acquired the ring of Dymeyjur {rElec rF+ rN+}
 13352 | D:9      | Reached skill level 11 in Spellcasting
 13352 | D:9      | Reached skill level 1 in Poison Magic
 13354 | D:9      | Reached skill level 1 in Shields
 13357 | D:9      | Found the +4 skin of Zhor {*Englaciate rC+++ SInv}
 13603 | D:10     | Learned a level 4 spell: Iskenderun's Mystic Blast
 13894 | D:10     | Reached skill level 1 in Translocations
 13901 | D:10     | Reached XP level 12. HP: 52/68 MP: 24/29
 14080 | D:11     | Reached ***** piety under Vehumet
 14155 | D:11     | Offered knowledge of Fireball by Vehumet.
 14162 | D:11     | Noticed a two-headed ogre
 14172 | D:11     | Killed a two-headed ogre
 14242 | D:11     | Noticed a two-headed ogre
 14251 | D:11     | Killed a two-headed ogre
 14252 | D:11     | Reached skill level 5 in Translocations
 14513 | D:11     | Noticed a two-headed ogre
 14521 | D:11     | Killed a two-headed ogre
 14522 | D:11     | Reached skill level 12 in Spellcasting
 14795 | D:11     | Got a moldy book
 14955 | D:11     | Reached skill level 5 in Dodging
 15078 | D:11     | Reached skill level 13 in Spellcasting
 16056 | D:12     | Reached XP level 13. HP: 65/75 MP: 30/32
 16057 | D:12     | Noticed a storm dragon
 16068 | D:12     | Reached skill level 14 in Spellcasting
 16082 | D:12     | Killed a storm dragon
 16955 | D:12     | Reached skill level 15 in Spellcasting
 17228 | D:12     | Learned a level 5 spell: Fireball
 18066 | Lair:1   | Entered Level 1 of the Lair of Beasts
 18260 | Lair:1   | Learned a level 3 spell: Swiftness
 18357 | Lair:1   | Reached skill level 1 in Air Magic
 18358 | Lair:1   | Reached skill level 10 in Fire Magic
 18438 | Lair:1   | Found a basalt altar of Yredelemnul.
 19510 | Lair:2   | You fall into a shaft and drop 1 floor!
 19696 | Lair:3   | Found a staircase to the Swamp.
 19734 | Lair:3   | Reached skill level 10 in Conjurations
 19999 | Lair:3   | Found a hole to the Spider Nest.
 20112 | Lair:3   | Found the +8 whip "Snakebite" {venom, curare, rPois}
 20704 | Lair:2   | Reached XP level 14. HP: 37/80 MP: 33/35
 20867 | Lair:2   | Found a runed translucent door.
 20868 | Lair:2   | Found a shimmering altar of Xom.
 20869 | Lair:2   | Noticed Ivernyr's ghost (journeyman VSGl)
 20933 | Lair:2   | Identified the +7 mace of Qufovabb {drain, Fragile rPois
                  | rF+ Will+++}
 21242 | D:8      | Offered knowledge of Conjure Ball Lightning by Vehumet.
 21270 | D:10     | Bought a potion of curing for 48 gold pieces
 21270 | D:10     | Bought a potion of curing for 48 gold pieces
 21270 | D:10     | Bought a potion of heal wounds for 80 gold pieces
 21270 | D:10     | Bought a potion of curing for 48 gold pieces
 21270 | D:10     | Bought a potion of curing for 48 gold pieces
 21332 | D:6      | Killed flt's ghost
 21333 | D:6      | Reached skill level 5 in Short Blades
 21364 | D:6      | Identified the +2 pair of gloves of the Snake Pit {Int+3
                  | Slay+5}
 21405 | D:6      | Bought a potion of curing for 36 gold pieces
 21405 | D:6      | Bought a potion of curing for 36 gold pieces
 21405 | D:6      | Bought a potion of curing for 36 gold pieces
 22230 | Lair:4   | Reached skill level 16 in Spellcasting
 22781 | Lair:4   | Reached skill level 5 in Stealth
 23139 | Lair:5   | Entered Level 5 of the Lair of Beasts
 23208 | Lair:5   | Reached skill level 10 in Dodging
 23521 | Lair:5   | Got a murmuring book
 23641 | Lair:5   | Offered knowledge of Plasma Beam by Vehumet.
 24599 | Lair:5   | Found a staircase to the Slime Pits.
 24599 | Lair:5   | Found a viscous altar of Jiyva.
 25158 | Orc:1    | Entered Level 1 of the Orcish Mines
 25765 | Orc:2    | Entered Level 2 of the Orcish Mines
 25795 | Orc:2    | Found a staircase to the Elven Halls.
 25845 | Orc:2    | Reached ****** piety under Vehumet
 25855 | Orc:2    | Found Acuamp's Armour Shop.
 25859 | Orc:2    | Offered knowledge of Arcjolt by Vehumet.
 25860 | Orc:2    | Reached XP level 15. HP: 58/89 MP: 28/37
 25868 | Orc:2    | Found Kehirr's Jewellery Shoppe.
 25871 | Orc:2    | Found Waum Myrr's Book Boutique.
 25872 | Orc:2    | Found Fodeq's Book Boutique.
 25894 | Orc:2    | Found a gate leading to a gauntlet.
 25903 | Gauntlet | Entered a Gauntlet
 25903 | Gauntlet | Found a large runed translucent door.
 25903 | Gauntlet | Found a large runed translucent door.
 25903 | Gauntlet | Found a runed translucent door.
 25903 | Gauntlet | Found a large runed translucent door.
 25903 | Gauntlet | Found a large runed translucent door.
 25903 | Gauntlet | Found a large runed translucent door.
 25903 | Gauntlet | Found a large runed translucent door.
 25903 | Gauntlet | Found a transporter.
 25903 | Gauntlet | Found a large runed translucent door.
 25903 | Gauntlet | Found a large runed translucent door.
 25903 | Gauntlet | Found a runed translucent door.
 25903 | Gauntlet | Found a runed translucent gate.
 25903 | Gauntlet | Found a runed translucent gate.
 25903 | Gauntlet | Found a transporter.
 25903 | Gauntlet | Found a transporter.
 25903 | Gauntlet | Found a runed translucent door.
 25915 | Gauntlet | Found a runed translucent door.
 25915 | Gauntlet | Found a runed translucent gate.
 25921 | Gauntlet | Found a large runed translucent door.
 25921 | Gauntlet | Found a large runed translucent door.
 25921 | Gauntlet | Found a large runed translucent door.
 25921 | Gauntlet | Found a large runed translucent door.
 25922 | Gauntlet | Found a large runed translucent door.
 25922 | Gauntlet | Found a large runed translucent door.
 25923 | Gauntlet | Found a large runed translucent door.
 25923 | Gauntlet | Found a large runed translucent door.
 25938 | Gauntlet | Found a transporter.
 25948 | Gauntlet | Found a transporter.
 25951 | Gauntlet | Found a transporter.
 25961 | Gauntlet | Found a transporter.
 25981 | Gauntlet | Found a transporter.
 25985 | Gauntlet | Found a transporter.
 25988 | Gauntlet | Found a transporter.
 25996 | Gauntlet | Found a transporter.
 25999 | Gauntlet | Found a transporter.
 26300 | Gauntlet | Identified the ring of Ikaicsul {Fly rElec rPois Will-
                  | Dex+3}
 26329 | Gauntlet | Identified the ring "Huirumu" {Int+4 Dex+6 Stlth+}
 26346 | Gauntlet | Identified the +3 war axe of Joyful Slaughter {holy, rF+++
                  | rC- Int+5 Stlth+}
 26391 | Orc:2    | Found a runed translucent gate.
 26392 | Orc:2    | Found a runed translucent gate.
 26393 | Orc:2    | Found a runed translucent gate.
 26394 | Orc:2    | Noticed Jano's ghost (journeyman DsFi)
 27263 | Orc:2    | Killed Jano's ghost
 27451 | D:12     | Learned a level 1 spell: Apportation
 27553 | D:13     | Found a white marble altar of Elyvilon.
 27753 | D:13     | Noticed Lodul
 27762 | D:13     | Killed Lodul
 27876 | D:13     | Offered knowledge of Spellforged Servitor by Vehumet.
 27885 | D:13     | Learned a level 7 spell: Spellforged Servitor
 27986 | D:13     | Reached skill level 1 in Summonings
 28175 | D:13     | Reached skill level 5 in Summonings
 28218 | D:13     | Identified the +0 robe of the Shrike {+Inv Fly}
 28222 | D:13     | Identified the amulet of Paqavuop {Regen+ SInv Stlth+}
 28706 | D:13     | Noticed a frost giant
 28711 | D:13     | Killed a frost giant
 28816 | D:13     | Identified the staff "Ipucoin" {rPois rN+ Str+4 Stlth+
                  | Poison} (You took it off a centaur on level 13 of the
                  | Dungeon)
 29108 | D:13     | Found a gate to the Vaults.
 29207 | D:13     | Found a runed translucent door.
 29210 | D:13     | Noticed Piotedat's ghost (journeyman FoFi)
 29211 | D:13     | Identified the +9 spear of the Lonely Loafs {freeze, Dex+2}
 29223 | D:13     | Reached skill level 1 in Maces & Flails
 29415 | D:13     | Killed Piotedat's ghost
 29695 | D:14     | Reached XP level 16. HP: 96/96 MP: 19/38
 29960 | D:14     | Noticed Snorg
 29972 | D:14     | Killed Snorg
 30618 | D:14     | Offered knowledge of Iskenderun's Battlesphere by Vehumet.
 30643 | D:14     | Learned a level 5 spell: Iskenderun's Battlesphere
 31101 | Swamp:1  | Entered Level 1 of the Swamp
 31102 | Swamp:1  | Noticed Aizul
 31196 | Lair:3   | Killed Aizul
 31244 | Swamp:1  | Noticed Jorgrun
 31255 | Swamp:1  | Killed Jorgrun
 31924 | Swamp:1  | Noticed Louise
 31929 | Swamp:1  | Killed Louise
 32316 | Swamp:2  | Found a frozen archway.
 32325 | IceCv    | Entered an ice cave
 32847 | IceCv    | Offered knowledge of Ignition by Vehumet.
 33346 | Swamp:2  | Upgraded the game from 0.31-a0-801-gc67433417a to
                  | 0.31-a0-806-g0bc164a743
 34771 | Swamp:3  | Paralysed by a fenstrider witch for 5 turns
 34943 | Swamp:3  | Paralysed by a hornet for 3 turns
 34949 | Swamp:3  | Reached XP level 17. HP: 72/100 MP: 5/39
 35420 | Swamp:4  | Entered Level 4 of the Swamp
 35743 | Swamp:4  | Reached skill level 17 in Spellcasting
 36370 | Swamp:4  | Reached skill level 18 in Spellcasting
 37053 | Swamp:4  | Got a decaying rune of Zot
 37186 | Spider:1 | Entered Level 1 of the Spider Nest
 37205 | Spider:1 | Reached skill level 19 in Spellcasting
 37428 | Lair:3   | Learned a level 8 spell: Ignition
 38715 | Spider:2 | Reached skill level 20 in Spellcasting
 39357 | Spider:2 | Noticed Arachne
 39367 | Spider:2 | Killed Arachne
 39496 | Spider:2 | You fall into a shaft and drop 1 floor!
 39659 | Spider:2 | Offered knowledge of Lehudib's Crystal Spear by Vehumet.
 39659 | Spider:2 | Offered knowledge of Fire Storm by Vehumet.
 39659 | Spider:2 | Offered knowledge of Polar Vortex by Vehumet.
 39907 | Spider:2 | Reached skill level 21 in Spellcasting
 41491 | Spider:3 | Reached XP level 18. HP: 101/106 MP: 28/45
 41805 | Spider:4 | Entered Level 4 of the Spider Nest
 42388 | Spider:3 | Reached skill level 22 in Spellcasting
 42498 | Spider:3 | Identified the +6 mace of Might {protect, *Slow rF+ Dex+4
                  | Stlth+}
 43983 | Spider:4 | Reached skill level 15 in Fire Magic
 44261 | Spider:4 | Reached skill level 15 in Conjurations
 45459 | Spider:4 | Got a gossamer rune of Zot
 46633 | D:15     | Entered Level 15 of the Dungeon
 46837 | D:15     | Found a staircase to the Depths.
 47052 | D:15     | Reached skill level 23 in Spellcasting
 47748 | D:15     | Learned a level 9 spell: Fire Storm
 47947 | Depths:1 | Entered Level 1 of the Depths
 47968 | Depths:1 | Noticed a lich
 48214 | Vaults:1 | Entered Level 1 of the Vaults
 48231 | Vaults:1 | Reached XP level 19. HP: 110/110 MP: 42/48
 50182 | Vaults:1 | Found the +27 heavy crossbow "Sniper" {heavy, Acc+∞ SInv}
 50548 | Orc:2    | Bought a manual of Ranged Weapons for 1040 gold pieces
 50565 | Elf:1    | Entered Level 1 of the Elven Halls
 50578 | Elf:1    | Reached skill level 1 in Ranged Weapons
 50993 | Elf:1    | Reached skill level 5 in Ranged Weapons
 51516 | Elf:1    | Got an engraved book
 51531 | Elf:1    | Reached skill level 10 in Ranged Weapons
 51818 | Elf:1    | Paralysed by an air elemental for 1 turns
 52078 | Elf:1    | Found the +6 arbalest "Damnation" {damnation}
 52272 | Elf:1    | Noticed Donald
 52276 | Elf:1    | Killed Donald
 52493 | Elf:2    | Reached skill level 15 in Ranged Weapons
 52579 | Elf:2    | Reached XP level 20. HP: 116/116 MP: 49/49
 52776 | Elf:2    | Found a huge runed translucent gate.
 52776 | Elf:2    | Found a huge runed translucent gate.
 52776 | Elf:2    | Found a huge runed translucent gate.
 52776 | Elf:2    | Found a huge runed translucent gate.
 52776 | Elf:2    | Found a huge runed translucent gate.
 52780 | Elf:2    | Noticed Agnes
 52786 | Elf:2    | Killed Agnes
 53485 | Elf:3    | Entered Level 3 of the Elven Halls
 53622 | Elf:3    | Reached skill level 10 in Stealth
 53869 | Elf:3    | Identified the +6 war axe of Pain and Death {heavy, rElec
                  | rCorr Int+3 Stlth+}
 54298 | Elf:3    | Identified the +0 leather armour of Gozag {rC+ Will+ Str+4}
 54470 | Elf:3    | Identified the +5 battleaxe "Celet" {flame, *Rage rElec
                  | Will+}
 54470 | Elf:3    | Identified the +3 ring mail of Pathos {Will+ Int-2 Stlth+}
 54586 | Elf:3    | Identified the ring "Heawirchie" {rF+ Dex+3}
 54602 | Elf:3    | Found the +3 greatsling "Punk" {acid, rCorr}
 55127 | Vaults:2 | Found a staircase to the Crypt.
 55289 | Vaults:2 | Reached skill level 24 in Spellcasting
 55556 | Vaults:2 | Reached XP level 21. HP: 110/121 MP: 51/51
 55924 | Vaults:2 | You fall into a shaft and drop 2 floors!
 56204 | Vaults:4 | Identified the +6 long sword "Loabupem" {vamp, rPois rF+}
 56440 | Vaults:4 | Reached skill level 10 in Fighting
 56580 | Vaults:3 | Found a magical portal.
 56592 | WizLab   | Entered The Hall of the Hellbinder
 56631 | WizLab   | Gained mutation: Your muscles are strong. (Str +4, Int/Dex
                  | -1) [a cacodemon]
 56807 | WizLab   | Noticed Huleeraj
 56809 | WizLab   | Killed Huleeraj the Hellbinder
 56821 | WizLab   | Found a burning altar of Makhleb.
 56839 | WizLab   | Got a fuliginous book
 56859 | WizLab   | Identified the amulet of the Mutiny {Spirit rC+ Dex+6}
 57833 | Vaults:3 | Found a portal to a secret trove of treasure.
 57848 | Vaults:3 | You paid a toll of 5 scrolls of fear to enter a treasure
                  | trove
 57849 | Trove    | Entered a treasure trove
 57864 | Trove    | Identified the ring "Aciecount" {EV+5 Str+2 Int+5}
 57866 | Trove    | Identified the ring "Wiemnuo" {rF+ SInv Stlth+}
 57867 | Trove    | Identified the amulet of the Scavenger {Acrobat Int+3}
 57871 | Trove    | Identified the ring of Tuess {rC+ Will+ rCorr Int+3 Slay+3}
 57878 | Trove    | Identified the ring "Gitweg" {Fly rN+ Str+3 SInv}
 58794 | Vaults:2 | Reached XP level 22. HP: 128/128 MP: 50/52
 59123 | Vaults:4 | Reached skill level 15 in Stealth
 59513 | Vaults:4 | Reached skill level 25 in Spellcasting
 60035 | Depths:1 | Found a one-way gate leading to the halls of Pandemonium.
 60347 | Depths:1 | Found a radiant altar of Vehumet.
 60459 | Depths:1 | Found a one-way gate to the infinite horrors of the Abyss.
 60503 | Depths:1 | Found a white marble altar of Elyvilon.
 60504 | Depths:1 | Found a glowing silver altar of Zin.
 60505 | Depths:1 | Found a glowing golden altar of the Shining One.
 60604 | Depths:1 | Found a gateway to Hell.
 61406 | Depths:2 | HP: 1/130 [spriggan defender/+5 quick blade of venom (22)]
 61407 | Depths:2 | Succumbed to a spriggan defender's poison

Illustrated notes

Levels and vault maps discovered:
D:1:      sevenhm_arrival_forest_fort_large_1, layout_loops_ring
D:2:      minmay_chambers_of_twos, layout_loops_ring, basic_altar,
          hellmonk_ecumenical_altar_pennies_from_heaven, serial_shops,
          nicolae_shop_waterfront, minmay_puff
D:3:      layout_basic, kennysheep_generic_room_5
D:4:      layout_cave_pools, uniq_ijyb
D:5:      layout_loops_corners, serial_shops, shop, kennysheep_generic_room_9
D:6:      layout_loops_cross, minmay_temple_entry_enclosed_plants, serial_shops,
          nicolae_shop_back_alley_shop, biasface_ghost_orc_armoury,
          minmay_misc_feat_alley, nicolae_specific_store, chequers_garden,
          uniq_menkaure
D:7:      layout_loops_corners, serial_rivers, chequers_serial_rivers_small_3,
          chequers_serial_rivers_micro_a, chequers_serial_rivers_small_b,
          chequers_serial_rivers_micro_e, chequers_serial_rivers_room_b,
          uniq_jeremiah, uniq_maggie, uniq_prince_ribbit1
D:8:      layout_basic, david_lair_shrubbed, enter_bailey_5, st_stairs_1,
          roderic_batcave, uniq_pikel
D:9:      layout_cave_pools, nicolae_overflow_hidden_temple, david_orc_5,
          serial_ice, serial_ice_c, serial_ice_b, serial_ice_g, serial_ice_o,
          serial_ice_i, serial_ice_n, serial_ice_a, minmay_misc_feat_rugged,
          hellmonk_guarded_unrand_zhor
D:10:     layout_loops_cross, serial_shops, nicolae_shop_just_a_little_nook,
          shop, gammafunk_ghost_stat_death, dreamdust_gnoll_shepherd
D:11:     cheibrodos_ideogram_h, layout_irregular_city
D:12:     minmay_connected_boxes_in_corner, layout_layer_cave, disabler_island
D:13:     minmay_the_grid_square_5x5_5x5 [minmay_the_grid_square_5x5_bracketed,
          minmay_the_grid_square_5x5_two, minmay_the_grid_square_5x5_empty,
          minmay_the_grid_square_5x5_checkered,
          minmay_the_grid_square_5x5_fat_x, minmay_the_grid_square_5x5_longway,
          minmay_the_grid_square_5x5_prize_gold,
          minmay_the_grid_square_5x5_inverted_slash,
          minmay_the_grid_square_5x5_prize_pseudospiral,
          minmay_the_grid_square_5x5_spiral_small, minmay_the_grid_square_5x5_c,
          minmay_the_grid_square_5x5_three_walls,
          minmay_the_grid_square_5x5_prize_monsterx,
          minmay_the_grid_square_5x5_hourglass,
          minmay_the_grid_square_5x5_inner_i, minmay_the_grid_square_5x5_inset,
          minmay_the_grid_square_5x5_prize_waves,
          minmay_the_grid_square_5x5_spiral,
          minmay_the_grid_square_5x5_prize_rear_guard,
          minmay_the_grid_square_5x5_percent,
          minmay_the_grid_square_5x5_shuriken,
          minmay_the_grid_square_5x5_minibox,
          minmay_the_grid_square_5x5_checkered_sparse,
          minmay_the_grid_square_5x5_empty, minmay_the_grid_square_5x5_empty],
          layout_irregular_city, hellmonk_vaults_attempted_burglary,
          ebering_ghost_funeral_grove, nicolae_elyvilon_peaceful_grove,
          uniq_lodul
D:14:     layout_roguey, grunt_decor_one_mirror, kb_rosetta, uniq_snorg
D:15:     grunt_enter_depths_giant_problem, layout_basic, eino_house_with_fridge
Temple:   nicolae_temple_bog_church
Lair:1:   hellmonk_ruined_rings, layout_regular_city, lemuel_oklob_altar,
          infiniplex_staircase_pool, serial_bayou_shore_a
Lair:2:   layout_gridlike, ebering_ghost_xom, beast_lair_carwin_3
Lair:3:   minmay_guarded_unrand_snakebite, layout_cave_pods,
          skrybe_swamp_entry_bodies, dummy_spider_entry,
          infiniplex_staircase_pool_2, grunt_megastairs_1
Lair:4:   layout_layer_cave, lookout_lair_type, lemuel_fruit_fields
Lair:5:   minmay_lair_end_enchanted_forest, layout_gridlike, slime_entry_1,
          grunt_megastairs_4
Swamp:1:  layout_falls_marsh, evilmike_swamp_ruin_rubble_2, uniq_louise,
          uniq_jorgrun, uniq_aizul
Swamp:2:  layout_basic_swamp, portal_ice_cave_entry_ugly_swarm,
          evilmike_swamp_ruin_house_5, swamp_pool3, hangedman_swamp_phenomena
Swamp:3:  layout_falls_marsh, serial_swamp_ruin, evilmike_swamp_ruin_house_4,
          evilmike_swamp_ruin_rubble_1, swamp_pool1, nicolae_swamp_stair_fork
Swamp:4:  swamp, layout_basic_swamp, swamp_pool4, nicolae_swamp_some_circles
Spider:1: layout_cave_pods
Spider:2: layout_chambers, nicolae_spider_not_touching_you, uniq_arachne
Spider:3: nicolae_spider_broodchamber
Spider:4: hellmonk_spider_rune_endless_swarm
Orc:1:    layout_caves
Orc:2:    st_orc_open, layout_caves, gammafunk_ghost_split, basic_altar,
          gauntlet_entry_generic
Elf:1:    nicolae_elf_arrival_no_cutting_in_line, layout_geoelf_octagon,
          minmay_elf_demonology, hellmonk_guarded_unrand_damnation, uniq_donald
Elf:2:    elven_hall_of_blades_hangedman_alternative
          [mumra_blade_entry_bloodbath], layout_geoelf_diagonals, uniq_agnes
Elf:3:    minmay_elf_hall_circle, layout_geoelf_octagon, drop_trap
Vaults:1: nicolae_vaults_sesquioval_fish, ontoclasm_vaults_ring_large,
          nicolae_vaults_tetromino_T_2, nicolae_vaults_more_shelving_2,
          nicolae_vaults_border_crossing, grunt_vaults_funnel,
          nicolae_vaults_trapezoid_lopsided_1, hangedman_vaults_restitches,
          nicolae_vaults_more_shelving_1, nicolae_vaults_tangram_1,
          vaults_dpeg_diagonal, minmay_guarded_unrand_secular_launcher,
          nicolae_vaults_house_2, layout_vaults_ring
Vaults:2: nicolae_vaults_yaktaur_gun_rack, nicolae_vaults_display_case,
          ontoclasm_vaults_tryst, nicolae_vaults_storage_closets_1,
          minmay_crypt_entry_simple_sparse, nicolae_vaults_storage_closets_2,
          v_alt_pattern_2, nicolae_vaults_heist, vaults_dpeg_hooks,
          ontoclasm_vaults_chip, nicolae_vaults_trapezoid_lopsided_1,
          layout_vaults_chaotic_city
Vaults:3: infiniplex_enter_wizlab_water, nicolae_vaults_storage_closets_3,
          nicolae_vaults_triangles, v_pattern_1, vaults_room_stairs_pillars,
          v_misc_3, hangedman_vaults_snaps, nicolae_vaults_closet_pinwheel_4,
          nicolae_vaults_tetromino_T_1, nicolae_vaults_security_offices_5,
          vaults_dpeg_cross, layout_vaults_omnigrid, enter_trove_2
Vaults:4: v_misc_25, grunt_vaults_swirl, vaults_room_fours,
          nicolae_vaults_murderbox, vaults_mumra_minichess_inversion,
          ontoclasm_vaults_twist, v_misc_27, v_misc_5, vaults_room_corners,
          vaults_room_hallway, nicolae_vaults_prndl, vaults_room_door_ring,
          layout_vaults_omnibox
Depths:1: layout_gridlike, hangedman_abyss_entry_splay, good_gods_temple_1,
          pan_entry, lightli_too_deep, serial_sigils,
          serial_sigils_hangedman_gnaw, serial_sigils_hangedman_carve,
          serial_sigils_hangedman_gut, serial_sigils_hangedman_confine,
          serial_sigils_hangedman_scratch, vehumet_crystals
Depths:2: spriggan_forest, hell_entry, abyss_entry, pan_entry, serial_shops,
          uniq_grunn

Skill      XL: |  1  2  3  4  5  6  7  8  9 10 11 12 13 14 15 16 17 18 19 20 21 22 |
---------------+-------------------------------------------------------------------+-----
Fighting       | 1 2 3 4 5 6 8 9 10 11 | 11.2
Conjurations   | 2 3 4 5 6 7 9 10 11 14 15 16 17 18 | 18.2
Spellcasting   | 4 5 6 7 8 10 11 13 15 16 21 23 24 25 | 25.3
Fire Magic     | 4 5 6 7 8 9 10 13 14 15 16 17 18 | 18.3
Short Blades   | 1 2 3 4 5 |  5.0
Evocations     | 2 4 5 7 8 |  8.8
Stealth        | 3 4 9 13 14 15 | 15.0
Armour         | 1 2 4 |  4.4
Dodging        | 3 4 6 9 11 12 13 14 | 14.0
Transmutations | 4 |  4.0
Poison Magic   | 2 |  2.1
Shields        | 1 3 4 |  4.4
Translocations | 1 5 |  5.2
Air Magic      | 3 |  3.9
Summonings     | 8 |  8.8
Maces & Flails | 2 3 |  3.0
Ranged Weapons | 15 20 | 20.0

Action                     |  1- 3 |  4- 6 |  7- 9 | 10-12 | 13-15 | 16-18 | 19-21 | 22-24 || total
---------------------------+-------+-------+-------+-------+-------+-------+-------+-------++-------
  Melee: Rapier            |     1 |       |     6 |    33 |   119 |    47 |    19 |       ||   225
         Punch             |       |       |       |     1 |       |       |       |       ||     1
         Whip              |       |       |       |       |       |   112 |       |       ||   112
   Fire: Heavy crossbow    |       |       |       |       |       |       |   419 |    80 ||   499
   Cast: Foxfire           |    73 |    87 |    55 |   105 |   225 |   111 |       |       ||   656
         Scorch            |    14 |    20 |    44 |    77 |   169 |    71 |    11 |       ||   406
         Flame Wave        |       |     2 |    16 |    61 |    55 |    17 |       |       ||   151
         Inner Flame       |       |       |     1 |       |       |       |       |       ||     1
         Starburst         |       |       |       |    17 |    58 |    19 |     6 |     2 ||   102
         Irradiate         |       |       |       |       |    41 |    25 |     6 |     2 ||    74
         Fireball          |       |       |       |       |    95 |   415 |   132 |     4 ||   646
         Ignite Poison     |       |       |       |       |     1 |     2 |       |       ||     3
         Iskenderun's Myst |       |       |       |       |    26 |    20 |     2 |     2 ||    50
         Swiftness         |       |       |       |       |     2 |       |     3 |     1 ||     6
         Spellforged Servi |       |       |       |       |     2 |    24 |     5 |     1 ||    32
         Apportation       |       |       |       |       |     2 |       |       |       ||     2
         Iskenderun's Batt |       |       |       |       |       |     6 |       |       ||     6
         Ignition          |       |       |       |       |       |    30 |    63 |     8 ||   101
         Fire Storm        |       |       |       |       |       |       |    20 |    12 ||    32
  Evoke: Wand              |       |       |     8 |    11 |     3 |    42 |    17 |       ||    81
    Use: Scroll            |       |     9 |     9 |     9 |    12 |     4 |    10 |     3 ||    56
         Potion            |       |       |     2 |     2 |     9 |     6 |     2 |     1 ||    22
   Stab: Paralysed         |       |       |     3 |     7 |       |       |       |       ||    10
         Sleeping          |       |       |       |     3 |     1 |     5 |       |       ||     9
         Invisible         |       |       |       |       |       |     2 |       |       ||     2
 Armour: Robe              |     5 |    17 |    27 |       |       |       |       |       ||    49
         Acid dragon scale |       |       |    13 |    86 |     1 |       |       |       ||   100
         Animal skin       |       |       |       |    59 |   298 |   251 |   174 |    30 ||   812
  Dodge: Dodged            |    11 |    14 |    35 |   101 |   278 |   252 |   161 |    38 ||   890
  Block: Buckler           |       |       |       |     2 |    78 |   159 |     5 |       ||   244
         Reflection        |       |       |       |       |       |     1 |       |       ||     1

Table legend: (Time is in decaauts)
 A = Elapsed time spent in this place.
 B = Non-inter-level travel time spent in this place.
 C = Inter-level travel time spent in this place.
 D = Time resting spent in this place.
 E = Time spent auto-exploring this place.
 F = Levels seen in this place.
 G = Mean time per level.
                   A        B        C        D        E       F      G
               +--------+--------+--------+--------+--------+-----+--------+
         Total |  62366 |  58924 |   3442 |  19622 |  29401 |  45 | 1385.9 |
       Dungeon |  24509 |  22617 |   1892 |   7254 |  11786 |  15 | 1633.9 |
        Temple |     18 |     18 |      0 |      0 |      0 |   1 |   18.0 |
          Lair |   7360 |   6847 |    513 |   1860 |   3736 |   5 | 1472.0 |
         Swamp |   5002 |   4823 |    179 |   2252 |   2018 |   4 | 1250.5 |
   Spider Nest |   8444 |   8272 |    172 |   3737 |   3572 |   4 | 2111.0 |
  Orcish Mines |   2154 |   1985 |    169 |    793 |    849 |   2 | 1077.0 |
   Elven Halls |   4065 |   3925 |    140 |    903 |   2171 |   3 | 1355.0 |
        Vaults |   6857 |   6545 |    312 |   1580 |   3757 |   4 | 1714.2 |
        Depths |   1672 |   1611 |     61 |    443 |    879 |   2 |  836.0 |
         Trove |     42 |     42 |      0 |      0 |      0 |   1 |   42.0 |
        Bailey |    409 |    409 |      0 |    220 |     78 |   1 |  409.0 |
      Ice Cave |   1000 |   1000 |      0 |    538 |    343 |   1 | 1000.0 |
        Wizlab |    380 |    380 |      0 |     30 |    209 |   1 |  380.0 |
      Gauntlet |    447 |    447 |      0 |     11 |      0 |   1 |  447.0 |
               +--------+--------+--------+--------+--------+-----+--------+

Top non-repeatable levels by time:
    D:12: 2978 daAuts
Spider:2: 2773 daAuts
     D:8: 2476 daAuts
Spider:3: 2341 daAuts
    D:13: 2241 daAuts
Vaults:1: 2201 daAuts
Spider:4: 2014 daAuts
    D:11: 1912 daAuts
     D:7: 1809 daAuts
Vaults:2: 1793 daAuts
     D:5: 1740 daAuts
  Lair:3: 1709 daAuts
     D:2: 1637 daAuts
 Swamp:4: 1632 daAuts
  Lair:4: 1625 daAuts
